 Dungeon Crawl Stone Soup version 0.27-a0-1202-ge72e49191c (webtiles) character file.

Game seed: 17141379286706858099

9690 Gwenloh the Zephyrmancer (level 11, -13/64 HPs)
             Began as a Tengu Air Elementalist on June 2, 2021.
             Was a Believer of Sif Muna.
             Mangled by a large slime creature (29 damage)
             ... in a Gauntlet.
             The game lasted 00:50:42 (15060 turns).

Gwenloh the Zephyrmancer (Tengu Air Elementalist)  Turns: 15060, Time: 00:50:42

Health: -13/64     AC:  7    Str: 16    XL:     11   Next: 50%
Magic:  17/23      EV: 15    Int: 18    God:    Sif Muna [**....]
Gold:   654        SH:  5    Dex: 18    Spells: 13/25 levels left

rFire    + + .     SeeInvis .   r - +11 falchion of the People {pain, Dex+4 Stlth+}
rCold    . . .     Faith    .   t - +0 buckler
rNeg     . . .     Spirit   .   F - +0 steam dragon scales
rPois    +         Reflect  .   (helmet restricted)
rElec    .         Harm     .   I - +1 cloak {Will+}
rCorr    +         Rampage  .   (no gloves)
Will     +....     NoTele   +   (boots unavailable)
Stlth    +++.......             (no amulet)
HPRegen  0.20/turn              i - ring of the Black Skies {rPois rF++ rCorr Str+6}
MPRegen  0.18/turn              (no ring)

@: flying quickly and evasively, quick
A: beak, talons 3, nimble flight
a: Renounce Religion, Channel Magic


You were in a Gauntlet.
You worshipped Sif Muna.
Sif Muna was pleased with you.
You visited 3 branches of the dungeon, and saw 12 of its levels.
You also visited: Gauntlet.

You collected 654 gold pieces.

Inventory:

Hand Weapons
 b - a +0 mace
 e - a +0 whip
 r - the +11 falchion of the People (weapon) {pain, Dex+4 Stlth+}
   (You found it on level 5 of the Dungeon)

   In the hands of one skilled in necromantic magic, it inflicts extra damage on
   living creatures.
   It affects your dexterity (+4).
   It makes you more stealthy.
Missiles
 s - 6 curare-tipped darts
 z - a throwing net
Armour
 a - the +0 pair of boots of Refuge {*Corrode +Inv rPois rF+}
   (You found it in a Gauntlet)

   It protects you from fire.
   It protects you from poison.
   It lets you turn invisible.
   It may corrode you when you take damage.
 j - a +2 cloak
 t - a +0 buckler (worn)
 y - a +2 robe of fire resistance
 F - +0 steam dragon scales (worn)
 I - a +1 cloak of willpower (worn)
Jewellery
 i - the ring of the Black Skies (left hand) {rPois rF++ rCorr Str+6}
   (You acquired it on level 2 of the Lair of Beasts)

   [ring of strength]

   It affects your strength (+6).
   It greatly protects you from fire.
   It protects you from poison.
   It protects you from acid and corrosion.
Wands
 D - a wand of iceblast (18)
 G - a wand of paralysis (3)
Scrolls
 d - a scroll of enchant weapon
 k - 2 scrolls of fog
 l - 5 scrolls of amnesia
 p - a scroll of holy word
 u - 2 scrolls of immolation
 x - 5 scrolls of teleportation
 B - a scroll of brand weapon
 C - a scroll of blinking
 J - a scroll of enchant armour {unknown}
 K - a scroll of torment {unknown}
Potions
 c - 2 potions of brilliance {unknown}
 f - a potion of magic {unknown}
 g - 4 potions of curing {unknown}
 h - 3 potions of lignification {unknown}
 n - 2 potions of cancellation {unknown}
 o - 3 potions of ambrosia {unknown}
 q - 2 potions of haste {unknown}
 v - a potion of resistance {unknown}
 w - 3 potions of mutation {unknown}
 A - 2 potions of might {unknown}
Miscellaneous
 L - a tin of tremorstones (2/2)


   Skills:
 + Level 5.6 Fighting
 - Level 2.1 Dodging
 - Level 2.0 Stealth
 - Level 4.0 Shields
 + Level 7.5 Spellcasting
 * Level 3.0 Conjurations
 * Level 14.5 Air Magic
 * Level 7.5 Invocations


You had 13 spell levels left.
You knew the following spells:

 Your Spells              Type           Power      Damage    Failure   Level
a - Shock                 Conj/Air       100%       1d9       1%          1
b - Static Discharge      Conj/Air       38%        N/A       1%          2
c - Airstrike             Air            28%        N/A       1%          4
d - Lightning Bolt        Conj/Air       19%        1d33      8%          5

Your spell library contained the following spells:

 Spells                   Type           Power      Damage    Failure   Level
 Poisonous Vapours        Pois/Air       66%        N/A       1%          2
 Swiftness                Air            56%        N/A       1%          3
 Mephitic Cloud           Conj/Pois/Air  27%        N/A       2%          3
 Foxfire                  Conj/Fire      48%        2x1d6     5%          1
 Animate Skeleton         Necr           12%        N/A       11%         1
 Apportation              Tloc           12%        N/A       11%         1
 Corona                   Hex            6%         N/A       11%         1
 Freeze                   Ice            24%        1d5       11%         1
 Pain                     Necr           24%        1d5       11%         1
 Sting                    Tmut/Pois      24%        1d4       11%         1
 Summon Small Mammal      Summ           24%        N/A       11%         1
 Conjure Flame            Conj/Fire      12%        6-21      17%         3
 Frozen Ramparts          Ice            12%        1d3       30%         3
 Ignite Poison            Fire/Tmut/Pois 6%         N/A       30%         3
 Inner Flame              Hex/Fire       6%         N/A       30%         3
 Ozocubu's Armour         Ice            6%         N/A       30%         3
 Vampiric Draining        Necr           3%         2d6       30%         3
 Hailstorm                Conj/Ice       12%        3d5       50%         4
 Sticky Flame             Conj/Fire      12%        2d4       50%         4
 Animate Dead             Necr           3%         N/A       71%         4
 Olgreb's Toxic Radiance  Pois           6%         N/A       71%         4
 Fireball                 Conj/Fire      6%         3d5       83%         5
 Agony                    Necr           6%         N/A       96%         5
 Metabolic Englaciation   Hex/Ice        3%         N/A       96%         5


Dungeon Overview and Level Annotations

Branches:
Dungeon (9/15)             Temple (1/1) D:4            Lair (2/6) D:9
Gauntlet (1/1)
  Swamp: Lair:2-4    Shoals: Lair:2-4     Snake: Lair:2-4    Spider: Lair:2-4
    Orc: D:9-12

Altars:
Ashenzari
Cheibriados
Dithmenos
Elyvilon
Fedhas
Gozag
Hepliaklqana
Kikubaaqudgha
Makhleb
Nemelex Xobeh
Okawaru
Qazlal
Ru
Sif Muna
Uskayaw
Vehumet
Wu Jian
Xom
Yredelemnul
The Shining One

Annotations:
Gauntlet 11 transporters


Innate Abilities, Weirdness & Mutations

You have a beak for a mouth.
You have claws for feet.
Your magical nature lets you fly swiftly and evasively.


Message History

Confirm with . or Enter, or press ? or * to list all spells.
The large slime creature is struck by an arc of lightning!
The large slime creature is moderately wounded.
The lightning grounds out.
The slime creature is struck by an arc of lightning.
The slime creature is heavily wounded.
The lightning grounds out.
The slime creature hits you but does no damage.
The large slime creature closely misses you.
You riposte.
You hit the large slime creature. You peck the large slime creature.
The large slime creature is moderately wounded.
Casting: Static Discharge (safe; 1% risk of failure)
Confirm with . or Enter, or press ? or * to list all spells.
The large slime creature is struck by an arc of lightning!
The large slime creature is moderately wounded.
You are struck by an arc of lightning.
The large slime creature is struck by an arc of lightning.
The large slime creature is heavily wounded.
The lightning grounds out.
The slime creature hits you but does no damage.
The large slime creature closely misses you.
Casting: Static Discharge (safe; 1% risk of failure)
Confirm with . or Enter, or press ? or * to list all spells.
The large slime creature is struck by an arc of lightning.
The large slime creature is heavily wounded.
You are struck by an arc of lightning.
The slime creature is struck by an arc of lightning.
The slime creature is heavily wounded.
The lightning grounds out.
The slime creature is struck by an arc of lightning!
The slime creature is severely wounded.
You are struck by an arc of lightning.
The lightning grounds out.
The slime creature hits you but does no damage.
The large slime creature hits you!!
* * * LOW HITPOINT WARNING * * *
You barely miss the slime creature. You claw the slime creature!
The slime creature is severely wounded.
The slime creature closely misses you. The large slime creature hits you!!
You die...

##§§#..#.###./####..###.##!####.
#≈§.##.#.#.##$#..###....##)#..#9
##§.#B#.......#..###Z##....#..#9
#≈..#.##.#.#.B#..#ZZZ##Z#^.#..#Y
##..###########..###########..##
#≈.∩............................
##......∩.......................
##≈#§#≈..#########..#########..
######..##.##@J##..#x..#g..#..
#§§.#.#.J##J#..#.#.#.#=#..
##§.#.#.#.#.####.#.#.#!###
#≈.©##.#©.#©#©©#.##©##©#©©
##..#.##.#..####.#.#.#.###
#≈..##..##..#..#.#.#.#.#..
##..#.##..###..#...#...#..
#≈..#########..#########..
##........................


You could see a large slime creature, a slime creature, a worldbinder, a death
scarab, a jelly, a hornet simulacrum and 3 centaur warrior simulacra.

Vanquished Creatures
  A two-headed ogre (D:7)
  Maurice (D:9)
  2 black mambas (Lair:1)
  A cane toad (Lair:1)
  2 komodo dragons
  2 polar bears (Lair:1)
  6 blink frogs (Lair:1)
  A wyvern (Lair:1)
  A shadow (D:9)
  A wraith (D:9)
  Sigmund (D:3)
  A basilisk (Lair:1)
  5 yaks (Lair:1)
  Grum (D:9)
  A steam dragon (D:9)
  A harpy simulacrum (D:9)
  2 water moccasins (Lair:1)
  A hornet zombie (D:6)
  An ice beast (D:8)
  2 orc warriors
  A sky beast (D:5)
  A black bear (D:5)
  4 wolves (D:9)
  3 ogres
  5 phantoms
  2 centaurs
  2 kobold brigands
  6 bullfrogs
  2 scorpions
  A gnoll sergeant (D:7)
  A water moccasin zombie (D:9)
  A water moccasin skeleton (D:5)
  5 wights (D:6)
  3 electric eels
  3 howler monkeys
  A centaur zombie (D:5)
  2 jellies
  2 hounds (D:5)
  An orc priest (D:7)
  3 bullfrog skeletons
  3 iguanas
  Jessica (D:3)
  Terence (D:3)
  Natasha (D:3)
  3 orc wizards
  A hound zombie (D:5)
  2 hound skeletons
  A howler monkey zombie (D:7)
  5 gnolls (D:7)
  A river rat (D:4)
  4 adders
  2 shadow imps (D:8)
  A white imp (D:8)
  An ufetubus (D:7)
  3 worms
  4 dart slugs
  14 orcs
  2 ball pythons
  8 endoplasms
  5 giant cockroaches
  6 goblins
  4 hobgoblins
  7 jackals
  10 kobolds
  8 quokkas
  3 bats (D:1)
  2 frilled lizards
  A quokka skeleton (D:4)
  9 rats
196 creatures vanquished.

Vanquished Creatures (others)
  A demonic plant (Gauntlet)
  4 fungi (Lair:1)
  16 plants
  3 withered plants (Gauntlet)
24 creatures vanquished.

Grand Total: 220 creatures vanquished

Notes
Turn   | Place    | Note
-------+----------+-------------------------------------------
     0 | D:1      | Gwenloh the Tengu Air Elementalist began the quest for the
                  | Orb.
     0 | D:1      | Reached XP level 1. HP: 10/10 MP: 4/4
   135 | D:1      | Reached XP level 2. HP: 15/15 MP: 0/6
   193 | D:1      | Learned a level 2 spell: Static Discharge
   779 | D:1      | Reached skill level 5 in Air Magic
   864 | D:1      | Reached XP level 3. HP: 19/19 MP: 4/7
  1771 | D:2      | Reached XP level 4. HP: 24/24 MP: 1/8
  1967 | D:2      | Learned a level 4 spell: Airstrike
  3011 | D:3      | Reached skill level 6 in Air Magic
  3011 | D:3      | Gained mutation: Your magical nature lets you fly swiftly
                  | and evasively. [Tengu growth]
  3011 | D:3      | Reached XP level 5. HP: 14/28 MP: 0/9
  3258 | D:3      | Noticed Terence
  3261 | D:3      | Noticed Sigmund
  3477 | D:3      | Noticed Jessica
  3662 | D:4      | Found a staircase to the Ecumenical Temple.
  3674 | Temple   | Entered the Ecumenical Temple
  3961 | Temple   | Became a worshipper of Sif Muna the Loreminder
  4093 | D:4      | Found an opulent altar of Gozag.
  4276 | D:3      | Killed Terence
  4277 | D:3      | Reached skill level 7 in Air Magic
  4369 | D:4      | Reached XP level 6. HP: 29/32 MP: 4/11
  4572 | D:3      | Killed Sigmund
  4573 | D:3      | Reached skill level 8 in Air Magic
  4714 | D:3      | Noticed Natasha
  4718 | D:3      | Killed Natasha
  4748 | D:3      | Killed Jessica
  4749 | D:3      | Reached XP level 7. HP: 34/36 MP: 9/13
  5661 | D:5      | Entered Level 5 of the Dungeon
  5703 | D:5      | Reached * piety under Sif Muna
  5770 | D:5      | Reached skill level 9 in Air Magic
  5879 | D:5      | Identified the +11 falchion of the People {pain, Dex+4
                  | Stlth+}
  5889 | D:5      | Reached skill level 1 in Invocations
  6121 | D:5      | Reached XP level 8. HP: 38/41 MP: 7/15
  6127 | D:5      | Learned a level 5 spell: Lightning Bolt
  6421 | D:5      | Reached skill level 1 in Shields
  6421 | D:5      | Reached skill level 10 in Air Magic
  6928 | D:5      | Upgraded the game from 0.27-a0-1200-g94dc6ad4cf to
                  | 0.27-a0-1202-ge72e49191c
  6998 | D:6      | Reached skill level 5 in Spellcasting
  7528 | D:6      | Found a sacrificial altar of Ru.
  7651 | D:6      | Reached skill level 11 in Air Magic
  7753 | D:6      | Identified the +0 ring mail of Yrcha {rC- Int+3 Dex+6}
  7776 | D:6      | Reached XP level 9. HP: 46/46 MP: 3/17
  7921 | D:6      | Found a snail-covered altar of Cheibriados.
  8261 | D:6      | Reached skill level 1 in Fighting
  8543 | D:7      | Noticed a two-headed ogre
  8793 | D:7      | Found a shimmering altar of Xom.
  9215 | D:7      | Killed a two-headed ogre
  9216 | D:7      | Reached skill level 12 in Air Magic
  9367 | D:7      | Reached ** piety under Sif Muna
  9715 | D:7      | Found an ornate altar of the Wu Jian Council.
  9984 | D:8      | Reached XP level 10. HP: 56/56 MP: 4/20
 11119 | D:9      | Noticed Maurice
 11404 | D:9      | Reached skill level 5 in Invocations
 11612 | D:9      | Found a hazy altar of Hepliaklqana.
 11729 | D:9      | Noticed Grum
 11740 | D:9      | Reached skill level 13 in Air Magic
 11768 | D:9      | Killed Grum
 11900 | D:9      | Found a staircase to the Lair.
 12626 | D:9      | Killed Maurice
 12750 | Lair:1   | Entered Level 1 of the Lair of Beasts
 13063 | Lair:1   | Noticed a black mamba
 13069 | Lair:1   | Killed a black mamba
 13319 | Lair:1   | Reached XP level 11. HP: 43/62 MP: 14/22
 13375 | Lair:1   | Reached skill level 5 in Fighting
 13375 | Lair:1   | Reached skill level 14 in Air Magic
 14738 | Lair:2   | Identified a scroll of acquirement
 14743 | Lair:2   | Acquired the ring of the Black Skies {rPois rF++ rCorr
                  | Str+6}
 14753 | Lair:2   | Found a gate leading to a gauntlet.
 14761 | Gauntlet | Entered a Gauntlet
 14761 | Gauntlet | Found a transporter.
 14761 | Gauntlet | Found a transporter.
 14766 | Gauntlet | Noticed a death scarab
 14776 | Gauntlet | Found a transporter.
 14778 | Gauntlet | Found a transporter.
 14785 | Gauntlet | Noticed a worldbinder
 14789 | Gauntlet | Found a transporter.
 14792 | Gauntlet | Found a transporter.
 14797 | Gauntlet | Noticed a green death
 14804 | Gauntlet | Found a transporter.
 14826 | Gauntlet | Found a transporter.
 14826 | Gauntlet | Noticed a catoblepas
 14849 | Gauntlet | Found a transporter.
 14852 | Gauntlet | Found a transporter.
 14871 | Gauntlet | Found a transporter.
 14872 | Gauntlet | Found a transporter.
 15047 | Gauntlet | Identified the +0 pair of boots of Refuge {*Corrode +Inv
                  | rPois rF+}
 15060 | Gauntlet | Mangled by a large slime creature

Illustrated notes

Levels and vault maps discovered:
D:1:      dpeg_chamrin_arrival_tetris, layout_loops_ring
D:2:      layout_basic, serial_forest, infiniplex_forest_straight_2,
          infiniplex_forest_straight_2, infiniplex_forest_clump_large,
          infiniplex_forest_clump_long, infiniplex_forest_clump_tiny,
          infiniplex_forest_clump_medium, infiniplex_forest_lined_4_way,
          infiniplex_forest_lined_corner
D:3:      layout_loops_ring, uniq_jessica, uniq_sigmund, uniq_terence,
          uniq_natasha
D:4:      layout_basic, overflow_temple_1_default, minmay_temple_entry_tees,
          portal_sewer_entry_e, minmay_misc_feat_room
D:5:      layout_cave_pools
D:6:      layout_loops_ring, nicolae_ru_sacrificial_ziggurat,
          kennysheep_slug_shrine
D:7:      layout_cave_pools, lemuel_crystal_altar, amcnicky_altar_gilded
D:8:      layout_loops_ring
D:9:      layout_basic, old_standard_altar, david_lair_shrubbed, uniq_maurice,
          uniq_grum
Temple:   minmay_temple_curvy_branch
Lair:1:   layout_long_grid, serial_bayou_pond_d, gammafunk_lair_bear_cave,
          grunt_megastairs_5
Lair:2:   minmay_guarded_unrand_snakebite, layout_gridlike,
          gauntlet_entry_generic
Gauntlet: minmay_gauntlet_mixed_big_or_small [gammafunk_gauntlet_arena_mazey,
          minmay_gauntlet_arena_77_mess, gammafunk_gauntlet_arena_crates,
          minmay_gauntlet_arena_77_two_paths, gammafunk_gauntlet_arena_grid,
          minmay_gauntlet_arena_77_museum, gauntlet_exit_watery]

Skill      XL: |  1  2  3  4  5  6  7  8  9 10 11 |
---------------+----------------------------------+-----
Conjurations   | 2 3 |  3.0
Air Magic      | 5 6 7 8 9 11 12 13 14 | 14.5
Spellcasting   | 3 4 5 6 7 |  7.5
Invocations    | 1 3 4 6 7 |  7.5
Shields        | 2 4 |  4.0
Fighting       | 3 4 5 |  5.6
Dodging        | |  2.1
Stealth        | |  2.0

Action                   |  1- 3 |  4- 6 |  7- 9 | 10-12 || total
-------------------------+-------+-------+-------+-------++-------
Melee: Mace              |     3 |       |       |       ||     3
       Peck              |     1 |     1 |       |     7 ||     9
       Whip              |       |     4 |       |       ||     4
       Kick              |       |     2 |     1 |     5 ||     8
       Falchion          |       |       |     3 |    15 ||    18
 Cast: Shock             |    79 |    91 |    80 |    58 ||   308
       Static Discharge  |       |    14 |    28 |    39 ||    81
       Airstrike         |       |     2 |    65 |    82 ||   149
       Lightning Bolt    |       |       |     2 |     4 ||     6
Invok: Channel Magic     |       |       |     1 |     4 ||     5
  Use: Scroll            |       |       |       |    11 ||    11
Armor: Robe              |     1 |     3 |     4 |       ||     8
       Steam dragon scal |       |       |       |    10 ||    10
Dodge: Dodged            |     7 |     7 |    18 |    33 ||    65
Block: Buckler           |       |       |     7 |    10 ||    17
       Rpst.: Falchion   |       |       |     1 |     5 ||     6

Table legend: (Time is in decaauts)
 A = Elapsed time spent in this place.
 B = Non-inter-level travel time spent in this place.
 C = Inter-level travel time spent in this place.
 D = Time resting spent in this place.
 E = Time spent auto-exploring this place.
 F = Levels seen in this place.
 G = Mean time per level.
                   A        B        C        D        E       F      G
               +--------+--------+--------+--------+--------+-----+--------+
         Total |  14529 |  14152 |    377 |   2254 |  10123 |  13 | 1117.6 |
       Dungeon |  12030 |  11703 |    327 |   2081 |   8217 |   9 | 1336.7 |
        Temple |    282 |    264 |     18 |      0 |    238 |   1 |  282.0 |
          Lair |   1944 |   1914 |     30 |    173 |   1515 |   2 |  972.0 |
      Gauntlet |    271 |    271 |      0 |      0 |    153 |   1 |  271.0 |
               +--------+--------+--------+--------+--------+-----+--------+

Top non-repeatable levels by time:
  Lair:1: 1915 daAuts
     D:6: 1862 daAuts
     D:9: 1600 daAuts
     D:3: 1423 daAuts
     D:2: 1388 daAuts
     D:4: 1267 daAuts
     D:1: 1260 daAuts
     D:5: 1121 daAuts
     D:8: 1072 daAuts
     D:7: 1033 daAuts
  Temple: 282 daAuts
Gauntlet: 271 daAuts
  Lair:2: 29 daAuts
